Workbook
Name LoadMethod: Ref!$C$2:$C$3
Name Scope: Ref!$B$2:$B$3
Name Sites: [1]Sites!$A$3:$A$20
Name YesNo: Ref!$A$2:$A$3

Sheet Summary
A2: Information Needed | G2: Confirmed
A3: Count of Assignment | G3: Count of Assignment
A4: Row Labels | B4: No | C4: Yes | D4: (blank) | E4: Grand Total | G4: Row Labels | H4: No | I4: Yes | J4: Grand Total
A5: ACC | B5: 26 | C5: 23 | D5: 1 | E5: 50 | G5: ACC | H5: 20 | I5: 29 | J5: 49
A6: AM | B6: 9 | C6: 4 | E6: 13 | G6: AM | H6: 3 | I6: 10 | J6: 13
A7: CUST | B7: 7 | C7: 6 | E7: 13 | G7: CUST | H7: 7 | I7: 6 | J7: 13
A8: ENG | B8: 2 | C8: 1 | E8: 3 | G8: ENG | I8: 3 | J8: 3
A9: FS | D9: 1 | E9: 1 | G9: FS | H9: 1 | J9: 1
A10: GEN | B10: 16 | C10: 3 | D10: 1 | E10: 20 | G10: GEN | H10: 1 | I10: 18 | J10: 19
A11: HR | B11: 2 | C11: 8 | E11: 10 | G11: HR | H11: 10 | J11: 10
A12: INV | B12: 18 | C12: 4 | E12: 22 | G12: INV | H12: 3 | I12: 19 | J12: 22
A13: PP | B13: 5 | C13: 1 | D13: 4 | E13: 10 | G13: PP | I13: 6 | J13: 6
A14: PRJ | D14: 1 | E14: 1 | G14: PUR | H14: 6 | I14: 10 | J14: 16
A15: PUR | B15: 9 | C15: 7 | E15: 16 | G15: SYS | I15: 26 | J15: 26
A16: SYS | B16: 25 | C16: 1 | E16: 26 | G16: Grand Total | H16: 51 | I16: 127 | J16: 178
A17: Grand Total | B17: 119 | C17: 58 | D17: 8 | E17: 185
B20: =B17/GETPIVOTDATA("Assignment",$A$3) -> 0.64324324 | C20: =C17/GETPIVOTDATA("Assignment",$A$3) -> 0.31351351 | D20: =D17/GETPIVOTDATA("Assignment",$A$3) -> 0.043243243 | E20: =E17/GETPIVOTDATA("Assignment",$A$3) -> 1 | H20: =H16/GETPIVOTDATA("Assignment",$G$3) -> 0.28651685 | I20: =I16/GETPIVOTDATA("Assignment",$G$3) -> 0.71348315 | J20: =J16/GETPIVOTDATA("Assignment",$G$3) -> 1

Sheet Checklist
A1: Function | B1: Area | C1: SL9 Name | D1: Pronto Name | E1: Pronto Navigation | F1: Assignment | G1: Reviewed? | H1: Info Needed? | I1: Confirmed? | J1: Update Seed? | K1: Comments | L1: Contact | M1: Update When | N1: Module | O1: Seed | P1: Scope Level | Q1: Loading Method
A2: COA | B2: ACC | C2: Accounting Periods | D2: Period Processing Dates | E2: Admin->System Admin->Table Maint | F2: =VLOOKUP(Table1[[#This Row],[Area]],Ref!E:F,2,0) -> Nok | G2: Yes | H2: No | I2: Yes | J2: No | M2: Seed | N2: GL | O2: Yes | P2: Global | Q2: Manual
A3: COA | B3: ACC | C3: Chart of Accounts | F3: =VLOOKUP(Table1[[#This Row],[Area]],Ref!E:F,2,0) -> Nok | G3: Yes | H3: Yes | I3: No | J3: Yes | K3: Add new accounts for VAT and WH | M3: Seed | N3: GL | O3: Yes | P3: Global | Q3: Manual
A4: COA | B4: ACC | C4: Unit Code 1 | F4: =VLOOKUP(Table1[[#This Row],[Area]],Ref!E:F,2,0) -> Nok | G4: Yes | H4: No | I4: Yes | J4: Yes | M4: After Seed | N4: GL | O4: Yes | P4: Global | Q4: Manual
A5: COA | B5: ACC | C5: Unit Code 2 | F5: =VLOOKUP(Table1[[#This Row],[Area]],Ref!E:F,2,0) -> Nok | G5: Yes | H5: Yes | I5: No | J5: Yes | M5: After Seed | N5: GL | O5: Yes | P5: Global | Q5: Manual
A6: COA | B6: ACC | C6: Unit Code 3 | F6: =VLOOKUP(Table1[[#This Row],[Area]],Ref!E:F,2,0) -> Nok | G6: Yes | H6: No | I6: Yes | J6: No | M6: Seed | N6: GL | O6: Yes | P6: Global | Q6: Manual
A7: COA | B7: ACC | C7: Unit Code 4 | F7: =VLOOKUP(Table1[[#This Row],[Area]],Ref!E:F,2,0) -> Nok | G7: Yes | H7: No | I7: Yes | J7: Yes | M7: Seed | N7: GL | O7: Yes | P7: Global | Q7: Manual
A8: COA | B8: ACC | C8: Copy Unit Codes to Accounts | F8: =VLOOKUP(Table1[[#This Row],[Area]],Ref!E:F,2,0) -> Nok | G8: Yes | H8: No | I8: Yes | J8: No | M8: After Seed | N8: GL | O8: Yes | P8: Global | Q8: Manual
A9: COA | B9: ACC | C9: Chart of Account Allocations | F9: =VLOOKUP(Table1[[#This Row],[Area]],Ref!E:F,2,0) -> Nok | G9: Yes | H9: Yes | I9: No | J9: Yes | M9: Seed | N9: GL | O9: Yes | P9: Site | Q9: Manual
A10: Code | B10: GEN | C10: Billing Terms | D10: Supplier Payment Terms Customer Terms Discount | F10: =VLOOKUP(Table1[[#This Row],[Area]],Ref!E:F,2,0) -> All | G10: Yes | H10: No | I10: Yes | J10: Yes | M10: After Seed | O10: Yes | P10: Global | Q10: Manual
A11: Code | B11: GEN | C11: Countries | F11: =VLOOKUP(Table1[[#This Row],[Area]],Ref!E:F,2,0) -> All | G11: Yes | H11: No | I11: Yes | J11: No | M11: Seed | O11: Yes | P11: Global | Q11: Manual
A12: Code | B12: GEN | C12: Delivery Terms | F12: =VLOOKUP(Table1[[#This Row],[Area]],Ref!E:F,2,0) -> All | G12: Yes | H12: No | I12: Yes | J12: No | M12: Seed | O12: Yes | P12: Global | Q12: Manual
A13: Code | B13: GEN | C13: Prov States | D13: Not Needed | F13: =VLOOKUP(Table1[[#This Row],[Area]],Ref!E:F,2,0) -> All | G13: Yes | H13: No | I13: Yes | J13: No | M13: Seed | O13: Yes | P13: Global | Q13: Manual
A14: Code | B14: GEN | C14: Interaction Topics | D14: Not Needed | F14: =VLOOKUP(Table1[[#This Row],[Area]],Ref!E:F,2,0) -> All | G14: Not Used | H14: Not Used | I14: Not Used | J14: Not Used | M14: Seed
A15: Code | B15: FS | C15: Multi-Lingual Service Invoice | F15: =VLOOKUP(Table1[[#This Row],[Area]],Ref!E:F,2,0) -> Opond/Toey | G15: Not Used | H15: Not Used | I15: Not Used | J15: Not Used | M15: Seed
A16: Code | B16: GEN | C16: Multi-Lingual Ship Via | F16: =VLOOKUP(Table1[[#This Row],[Area]],Ref!E:F,2,0) -> All | G16: Yes | H16: No | I16: Yes | J16: No | M16: Seed
A17: Code | B17: GEN | C17: Multi-Lingual Terms | F17: =VLOOKUP(Table1[[#This Row],[Area]],Ref!E:F,2,0) -> All | G17: Yes | H17: No | I17: Yes | J17: No | M17: Seed
A18: Code | B18: GEN | C18: Nature of Transaction Codes | D18: Not Needed | F18: =VLOOKUP(Table1[[#This Row],[Area]],Ref!E:F,2,0) -> All | G18: Yes | H18: No | I18: Yes | J18: No | M18: Seed
A19: Code | B19: GEN | C19: Secondary Nature of Transaction Code | D19: Not Needed | F19: =VLOOKUP(Table1[[#This Row],[Area]],Ref!E:F,2,0) -> All | G19: Yes | H19: No | I19: Yes | J19: No | M19: Seed
A20: Code | B20: GEN | C20: Ship Via Codes | D20: Not in Pronto | F20: =VLOOKUP(Table1[[#This Row],[Area]],Ref!E:F,2,0) -> All | G20: Yes | H20: Yes | I20: Yes | J20: Yes | M20: After Seed
A21: Code | B21: GEN | C21: Unit of Measure Codes | D21: Unit of Measure | F21: =VLOOKUP(Table1[[#This Row],[Area]],Ref!E:F,2,0) -> All | G21: Yes | H21: No | I21: Yes | J21: No | M21: Seed | O21: Yes | P21: Global | Q21: Manual
A22: Code | B22: ACC | C22: Bank Reconciliation Reason Codes | F22: =VLOOKUP(Table1[[#This Row],[Area]],Ref!E:F,2,0) -> Nok | G22: Yes | H22: No | I22: Yes | J22: No | M22: Seed | N22: Bank | O22: Yes | P22: Global | Q22: Manual
A23: Code | B23: ACC | C23: Bank File Format | F23: =VLOOKUP(Table1[[#This Row],[Area]],Ref!E:F,2,0) -> Nok | G23: Yes | H23: No | I23: Yes | J23: No | M23: After Seed | N23: Bank | O23: Yes | P23: Global | Q23: Manual
A24: Code | B24: ACC | C24: Bank Code Bank File Format | F24: =VLOOKUP(Table1[[#This Row],[Area]],Ref!E:F,2,0) -> Nok | G24: Yes | H24: No | I24: Yes | J24: No | M24: After Seed | N24: Bank | O24: Yes | P24: Global | Q24: Manual
A25: Code | B25: ACC | C25: Bank Reconciliations | F25: =VLOOKUP(Table1[[#This Row],[Area]],Ref!E:F,2,0) -> Nok | G25: Yes | H25: Yes | I25: No | J25: Yes | M25: After Seed | N25: Bank | O25: Yes | P25: Global | Q25: Manual
A26: Code | B26: ACC | C26: Credit Hold Reason Codes | F26: =VLOOKUP(Table1[[#This Row],[Area]],Ref!E:F,2,0) -> Nok | G26: Yes | H26: No | I26: Yes | J26: No | M26: Seed | N26: AR | O26: Yes | P26: Global | Q26: Manual
A27: Code | B27: ACC | C27: Currency Codes | D27: Currency Code Maintenance | E27: Admin->System Admin->System Codes & Messages->Local/Foreign Currency Maint->Currency Maint | F27: =VLOOKUP(Table1[[#This Row],[Area]],Ref!E:F,2,0) -> Nok | G27: Yes | H27: No | I27: Yes | J27: No | M27: Seed | N27: GL | O27: Yes | P27: Global | Q27: Manual
A28: Code | B28: ACC | C28: Currency Rates | D28: Local - Foreign Currency Maintenance | E28: Admin->System Admin->System Codes & Messages->Local/Foreign Currency Maint->Currency Maint | F28: =VLOOKUP(Table1[[#This Row],[Area]],Ref!E:F,2,0) -> Nok | G28: Yes | H28: No | I28: Yes | J28: No | M28: After Seed | N28: GL | O28: Yes | P28: Global | Q28: Manual
A29: Code | B29: ACC | C29: Invoice Categories | F29: =VLOOKUP(Table1[[#This Row],[Area]],Ref!E:F,2,0) -> Nok | G29: Yes | H29: No | I29: Yes | J29: No | M29: Seed | N29: AR | O29: Yes | P29: Global | Q29: Manual
A30: Code | B30: ACC | C30: Invoice Debit and Credit Memo Sequences | F30: =VLOOKUP(Table1[[#This Row],[Area]],Ref!E:F,2,0) -> Nok | G30: Yes | H30: No | I30: No | J30: Yes | M30: Seed | N30: AR | O30: Yes | P30: Global | Q30: Manual
A31: Code | B31: ACC | C31: Journals | F31: =VLOOKUP(Table1[[#This Row],[Area]],Ref!E:F,2,0) -> Nok | G31: Yes | H31: No | I31: Yes | J31: No | M31: Seed | N31: GL | O31: Yes | P31: Global | Q31: Manual
A32: Code | B32: ACC | C32: Payment Hold Reasons | F32: =VLOOKUP(Table1[[#This Row],[Area]],Ref!E:F,2,0) -> Nok | G32: Yes | H32: No | I32: Yes | J32: No | M32: Seed | N32: AR | O32: Yes | P32: Global | Q32: Manual
A33: Code | B33: ACC | C33: Tax Codes | D33: Tax Code | E33: Admin->System Admin->Table Maint->Tax Info->Consumer Tax | F33: =VLOOKUP(Table1[[#This Row],[Area]],Ref!E:F,2,0) -> Nok | G33: Yes | H33: No | I33: Yes | J33: No | M33: After Seed | N33: Tax | O33: Yes | P33: Global | Q33: Manual
A34: Code | B34: ACC | C34: Tax Jurisdiction | F34: =VLOOKUP(Table1[[#This Row],[Area]],Ref!E:F,2,0) -> Nok | G34: Yes | H34: No | I34: Yes | J34: No | M34: Seed | N34: AR | O34: Yes | P34: Global | Q34: Manual
A35: Code | B35: ACC | C35: Departments | F35: =VLOOKUP(Table1[[#This Row],[Area]],Ref!E:F,2,0) -> Nok | G35: Yes | H35: No | I35: Yes | J35: No | M35: Seed | N35: GL | O35: Yes | P35: Global | Q35: Manual
A36: Code | B36: ACC | C36: Product Codes | F36: =VLOOKUP(Table1[[#This Row],[Area]],Ref!E:F,2,0) -> Nok | G36: Yes | H36: Yes | I36: No | J36: No | M36: After Seed | N36: GL | O36: Yes | P36: Global | Q36: Manual
A37: Code | B37: ACC | C37: Distribution Accounts | F37: =VLOOKUP(Table1[[#This Row],[Area]],Ref!E:F,2,0) -> Nok | G37: Yes | H37: Yes | I37: No | J37: No | M37: After Seed | N37: GL | O37: Yes | P37: Global | Q37: Manual
A38: Code | B38: ACC | C38: Service Product Codes | F38: =VLOOKUP(Table1[[#This Row],[Area]],Ref!E:F,2,0) -> Nok | G38: Yes | H38: No | I38: Yes | J38: Yes | M38: Seed | N38: GL | O38: Yes | P38: Global | Q38: Manual
A39: Code | B39: ACC | C39: Service Distribution Accounts | F39: =VLOOKUP(Table1[[#This Row],[Area]],Ref!E:F,2,0) -> Nok | G39: Yes | H39: No | I39: Yes | J39: Yes | M39: Seed | N39: GL | O39: Yes | P39: Global | Q39: Manual
A40: Code | B40: ACC | C40: Process Indicator IDs | F40: =VLOOKUP(Table1[[#This Row],[Area]],Ref!E:F,2,0) -> Nok | G40: Not Used | H40: Not Used | I40: Not Used | J40: Not Used | M40: After Seed | N40: GL | O40: Yes | P40: Global | Q40: Manual
A41: Code | B41: ACC | C41: Process Indicator Types | F41: =VLOOKUP(Table1[[#This Row],[Area]],Ref!E:F,2,0) -> Nok | G41: Not Used | H41: Not Used | I41: Not Used | J41: Not Used | M41: After Seed | N41: GL | O41: Yes | P41: Global | Q41: Manual
A42: Code | B42: ACC | C42: Process Indicator Matrix | F42: =VLOOKUP(Table1[[#This Row],[Area]],Ref!E:F,2,0) -> Nok | G42: Not Used | H42: Not Used | I42: Not Used | J42: Not Used | M42: After Seed | N42: GL | O42: Yes | P42: Global | Q42: Manual
A43: Code | B43: ACC | C43: Hyperion Location Codes | F43: =VLOOKUP(Table1[[#This Row],[Area]],Ref!E:F,2,0) -> Nok | G43: Yes | H43: No | I43: Yes | J43: N/A | M43: After Seed | N43: GL | O43: Yes | P43: Global | Q43: Manual
A44: Code | B44: AM | C44: Customer Types | F44: =VLOOKUP(Table1[[#This Row],[Area]],Ref!E:F,2,0) -> Aeh/Pauline | G44: Yes | H44: Yes | I44: No | J44: Yes | M44: After Seed | N44: COs | O44: Yes | P44: Global | Q44: Manual
A45: Code | B45: AM | C45: Discounts | F45: =VLOOKUP(Table1[[#This Row],[Area]],Ref!E:F,2,0) -> Aeh/Pauline | G45: Yes | H45: Yes | I45: No | J45: Yes | M45: Seed | N45: COs, SROs | O45: Yes | P45: Site | Q45: Manual
... A78: Code | B78: FS | C78: Service Appointment Types | F78: =VLOOKUP(Table1[[#This Row],[Area]],Ref!E:F,2,0) -> Opond/Toey | G78: Not Used | H78: Not Used | I78: Not Used | J78: Not Used | M78: Seed | N78: SROs | O78: Yes | P78: Global | Q78: Manual
A79: Code | B79: FS | C79: Work Codes | F79: =VLOOKUP(Table1[[#This Row],[Area]],Ref!E:F,2,0) -> Opond/Toey | G79: Not Used | H79: Not Used | I79: Not Used | J79: Not Used | M79: Seed | N79: SROs
A80: Code | B80: FS | C80: Service Contract Status Codes | F80: =VLOOKUP(Table1[[#This Row],[Area]],Ref!E:F,2,0) -> Opond/Toey | G80: Not Used | H80: Not Used | I80: Not Used | J80: Not Used | M80: Seed | N80: SCOs | O80: Yes | P80: Global | Q80: Manual
A81: Code | B81: FS | C81: Service Types | F81: =VLOOKUP(Table1[[#This Row],[Area]],Ref!E:F,2,0) -> Opond/Toey | G81: Not Used | H81: Not Used | I81: Not Used | J81: Not Used | M81: Seed | N81: SCOs | O81: Yes | P81: Global | Q81: Manual
A82: Code | B82: FS | C82: Unit Configuration Removal Reasons | F82: =VLOOKUP(Table1[[#This Row],[Area]],Ref!E:F,2,0) -> Opond/Toey | G82: Not Used | H82: Not Used | I82: Not Used | J82: Not Used | M82: Seed | N82: Units | O82: Yes | P82: Global | Q82: Manual
A83: Code | B83: FS | C83: Unit Status Codes | F83: =VLOOKUP(Table1[[#This Row],[Area]],Ref!E:F,2,0) -> Opond/Toey | G83: Not Used | H83: Not Used | I83: Not Used | J83: Not Used | M83: Seed | N83: Units | O83: Yes | P83: Global | Q83: Manual
A84: Code | B84: FS | C84: Warranty Codes | F84: =VLOOKUP(Table1[[#This Row],[Area]],Ref!E:F,2,0) -> Opond/Toey | G84: Not Used | H84: Not Used | I84: Not Used | J84: Not Used | M84: Seed | N84: Units | O84: Yes | P84: Global | Q84: Manual
A85: Code | B85: FS | C85: Inspection Tasks | F85: =VLOOKUP(Table1[[#This Row],[Area]],Ref!E:F,2,0) -> Opond/Toey | G85: Not Used | H85: Not Used | I85: Not Used | J85: Not Used | M85: Seed | N85: Units
A86: Code | B86: FS | C86: SRO Misc Charge Markup | F86: =VLOOKUP(Table1[[#This Row],[Area]],Ref!E:F,2,0) -> Opond/Toey | G86: Not Used | H86: Not Used | I86: Not Used | J86: Not Used | M86: After Seed | N86: SROs
A87: Code | B87: HR | C87: Ceridian Codes | F87: =VLOOKUP(Table1[[#This Row],[Area]],Ref!E:F,2,0) -> Claire | G87: Yes | H87: Yes | I87: No | J87: N/A | M87: After Seed | N87: HR
A88: Code | B88: HR | C88: Holidays | F88: =VLOOKUP(Table1[[#This Row],[Area]],Ref!E:F,2,0) -> Claire | G88: Yes | H88: Yes | I88: No | J88: Yes | M88: Seed | N88: HR
A89: Code | B89: HR | C89: JBT Shift Holidays | F89: =VLOOKUP(Table1[[#This Row],[Area]],Ref!E:F,2,0) -> Claire | G89: Yes | H89: Yes | I89: No | J89: N/A | M89: Seed | N89: HR
A90: Code | B90: HR | C90: Employee Categories | F90: =VLOOKUP(Table1[[#This Row],[Area]],Ref!E:F,2,0) -> Claire | G90: Not Used | H90: Not Used | I90: Not Used | J90: Not Used | M90: Seed | N90: HR
A91: Code | B91: HR | C91: Shift Codes | F91: =VLOOKUP(Table1[[#This Row],[Area]],Ref!E:F,2,0) -> Claire | G91: Yes | H91: Yes | I91: No | J91: Yes | M91: Seed | N91: HR
A92: Code | B92: INV | C92: CO Returns Reason Codes | F92: =VLOOKUP(Table1[[#This Row],[Area]],Ref!E:F,2,0) -> Anutida | G92: Yes | H92: No | I92: Yes | J92: No | M92: Seed | N92: COs | O92: Yes | P92: Global | Q92: Manual
A93: Code | B93: INV | C93: RMA Return Reason Codes | F93: =VLOOKUP(Table1[[#This Row],[Area]],Ref!E:F,2,0) -> Anutida | G93: Yes | H93: No | I93: Yes | J93: No | M93: Seed | N93: RMAs | O93: Yes | P93: Global | Q93: Manual
A94: Code | B94: INV | C94: Transfer Loss Reason Codes | F94: =VLOOKUP(Table1[[#This Row],[Area]],Ref!E:F,2,0) -> Anutida | G94: Yes | H94: No | I94: Yes | J94: No | M94: Seed | N94: TOs | O94: Yes | P94: Global | Q94: Manual
A95: Code | B95: INV | C95: Transfer Order Return Reason Codes | F95: =VLOOKUP(Table1[[#This Row],[Area]],Ref!E:F,2,0) -> Anutida | G95: Yes | H95: No | I95: Yes | J95: No | M95: Seed | N95: TOs | O95: Yes | P95: Global | Q95: Manual
A96: Code | B96: INV | C96: Inventory Adjustment Reason Codes | F96: =VLOOKUP(Table1[[#This Row],[Area]],Ref!E:F,2,0) -> Anutida | G96: Yes | H96: No | I96: Yes | J96: No | M96: Seed | N96: Inventory | O96: Yes | P96: Global | Q96: Manual
A97: Code | B97: INV | C97: Miscellaneous Issues Reason Codes | F97: =VLOOKUP(Table1[[#This Row],[Area]],Ref!E:F,2,0) -> Anutida | G97: Yes | H97: No | I97: Yes | J97: Yes | M97: Seed | N97: Inventory
A98: Code | B98: INV | C98: Miscellaneous Receipt Reason Codes | F98: =VLOOKUP(Table1[[#This Row],[Area]],Ref!E:F,2,0) -> Anutida | G98: Yes | H98: No | I98: Yes | J98: Yes | M98: Seed | N98: Inventory
A99: Code | B99: INV | C99: Obsolete Slow Moving Reason Codes | F99: =VLOOKUP(Table1[[#This Row],[Area]],Ref!E:F,2,0) -> Anutida | G99: Yes | H99: No | I99: Yes | J99: No | M99: Seed | N99: Inventory | O99: Yes | P99: Global | Q99: Manual
A100: Code | B100: INV | C100: Scrap Reason Codes | F100: =VLOOKUP(Table1[[#This Row],[Area]],Ref!E:F,2,0) -> Anutida | G100: Yes | H100: No | I100: Yes | J100: No | M100: Seed | N100: Inventory | O100: Yes | P100: Global | Q100: Manual
A101: Code | B101: INV | C101: Warehouses | F101: =VLOOKUP(Table1[[#This Row],[Area]],Ref!E:F,2,0) -> Anutida | G101: Yes | H101: No | I101: Yes | J101: Yes | M101: Seed | N101: Inventory
A102: Code | B102: INV | C102: Carriers | F102: =VLOOKUP(Table1[[#This Row],[Area]],Ref!E:F,2,0) -> Anutida | G102: Yes | H102: Yes | I102: No | J102: Yes | M102: Seed | N102: COs
A103: Code | B103: INV | C103: Freight Charge Methods | F103: =VLOOKUP(Table1[[#This Row],[Area]],Ref!E:F,2,0) -> Anutida | G103: Not Used | H103: Not Used | I103: Not Used | J103: Not Used | M103: Seed | N103: COs
A104: Code | B104: INV | C104: Package Types | F104: =VLOOKUP(Table1[[#This Row],[Area]],Ref!E:F,2,0) -> Anutida | G104: Not Used | H104: Not Used | I104: Not Used | J104: Not Used | M104: Seed | N104: COs
A105: Code | B105: INV | C105: Ship Method | F105: =VLOOKUP(Table1[[#This Row],[Area]],Ref!E:F,2,0) -> Anutida | G105: Not Used | H105: Not Used | I105: Not Used | J105: Not Used | M105: Seed | N105: COs
A106: Code | B106: INV | C106: Ship Method Groups | F106: =VLOOKUP(Table1[[#This Row],[Area]],Ref!E:F,2,0) -> Anutida | G106: Not Used | H106: Not Used | I106: Not Used | J106: Not Used | M106: Seed | N106: COs
A107: Code | B107: INV | C107: Purchase Order Return Reason Codes | D107: Purchase Return Reason Codes | F107: =VLOOKUP(Table1[[#This Row],[Area]],Ref!E:F,2,0) -> Anutida | G107: Yes | H107: No | I107: Yes | J107: No | M107: Seed | N107: POs | O107: Yes | P107: Global | Q107: Manual
A108: Code | B108: PRJ | C108: Project Cost Codes | F108: =VLOOKUP(Table1[[#This Row],[Area]],Ref!E:F,2,0) -> Nittakarn | G108: Not Used | H108: Not Used | I108: Not Used | J108: Not Used | M108: Seed | N108: PRJs
A109: Code | B109: PRJ | C109: Project Retention Codes | F109: =VLOOKUP(Table1[[#This Row],[Area]],Ref!E:F,2,0) -> Nittakarn | G109: Not Used | H109: Not Used | I109: Not Used | J109: Not Used | M109: Seed | N109: PRJs
A110: Code | B110: PRJ | C110: Project Type | F110: =VLOOKUP(Table1[[#This Row],[Area]],Ref!E:F,2,0) -> Nittakarn | G110: Not Used | H110: Not Used | I110: Not Used | J110: Not Used | M110: Seed | N110: PRJs
A111: Code | B111: PRJ | C111: JBT User Prefilter | F111: =VLOOKUP(Table1[[#This Row],[Area]],Ref!E:F,2,0) -> Nittakarn | G111: Not Used | H111: Not Used | I111: Not Used | J111: Not Used | M111: After Seed
A112: Code | B112: QC | C112: QC Cause Codes | F112: =VLOOKUP(Table1[[#This Row],[Area]],Ref!E:F,2,0) -> Anutida | G112: Not Used | H112: Not Used | I112: Not Used | J112: Not Used | M112: Seed | N112: QC-All | O112: Yes | P112: Global | Q112: Manual
A113: Code | B113: QC | C113: QC Cost Activities | F113: =VLOOKUP(Table1[[#This Row],[Area]],Ref!E:F,2,0) -> Anutida | G113: Not Used | H113: Not Used | I113: Not Used | J113: Not Used | M113: Seed | N113: QC-All | O113: Yes | P113: Global | Q113: Manual
A114: Code | B114: QC | C114: QC Cost Types | F114: =VLOOKUP(Table1[[#This Row],[Area]],Ref!E:F,2,0) -> Anutida | G114: Not Used | H114: Not Used | I114: Not Used | J114: Not Used | M114: Seed | N114: QC-All | O114: Yes | P114: Global | Q114: Manual
A115: Code | B115: QC | C115: QC Disposition Codes | F115: =VLOOKUP(Table1[[#This Row],[Area]],Ref!E:F,2,0) -> Anutida | G115: Not Used | H115: Not Used | I115: Not Used | J115: Not Used | M115: Seed | N115: QC-All | O115: Yes | P115: Global | Q115: Manual
A116: Code | B116: QC | C116: QC Failure Codes | F116: =VLOOKUP(Table1[[#This Row],[Area]],Ref!E:F,2,0) -> Anutida | G116: Not Used | H116: Not Used | I116: Not Used | J116: Not Used | M116: Seed | N116: QC-All | O116: Yes | P116: Global | Q116: Manual
A117: Code | B117: QC | C117: QC Gage Groups | F117: =VLOOKUP(Table1[[#This Row],[Area]],Ref!E:F,2,0) -> Anutida | G117: Not Used | H117: Not Used | I117: Not Used | J117: Not Used | M117: Seed | N117: QC-All | O117: Yes | P117: Global | Q117: Manual
A118: Code | B118: QC | C118: QC Gage Status | F118: =VLOOKUP(Table1[[#This Row],[Area]],Ref!E:F,2,0) -> Anutida | G118: Not Used | H118: Not Used | I118: Not Used | J118: Not Used | M118: Seed | N118: QC-All | O118: Yes | P118: Global | Q118: Manual
A119: Code | B119: QC | C119: QC Gages | F119: =VLOOKUP(Table1[[#This Row],[Area]],Ref!E:F,2,0) -> Anutida | G119: Not Used | H119: Not Used | I119: Not Used | J119: Not Used | M119: Seed | N119: QC-All | O119: Yes | P119: Global | Q119: Manual
A120: Code | B120: QC | C120: QC Inspection Frequencies | F120: =VLOOKUP(Table1[[#This Row],[Area]],Ref!E:F,2,0) -> Anutida | G120: Not Used | H120: Not Used | I120: Not Used | J120: Not Used | M120: Seed | N120: QC-All | O120: Yes | P120: Global | Q120: Manual
A121: Code | B121: QC | C121: QC Reason Codes | F121: =VLOOKUP(Table1[[#This Row],[Area]],Ref!E:F,2,0) -> Anutida | G121: Not Used | H121: Not Used | I121: Not Used | J121: Not Used | M121: Seed | N121: QC-All | O121: Yes | P121: Global | Q121: Manual
A122: Code | B122: QC | C122: QC Sampling Criterias | F122: =VLOOKUP(Table1[[#This Row],[Area]],Ref!E:F,2,0) -> Anutida | G122: Not Used | H122: Not Used | I122: Not Used | J122: Not Used | M122: Seed | N122: QC-All | O122: Yes | P122: Global | Q122: Manual
A123: Code | B123: QC | C123: QC Severity Levels | F123: =VLOOKUP(Table1[[#This Row],[Area]],Ref!E:F,2,0) -> Anutida | G123: Not Used | H123: Not Used | I123: Not Used | J123: Not Used | M123: Seed | N123: QC-All | O123: Yes | P123: Global | Q123: Manual
... A131: Code | B131: QC | C131: QC Vendor Status | F131: =VLOOKUP(Table1[[#This Row],[Area]],Ref!E:F,2,0) -> Anutida | G131: Not Used | H131: Not Used | I131: Not Used | J131: Not Used | M131: Seed | N131: QC-Supplier | O131: Yes | P131: Global | Q131: Manual
A132: Code | B132: PP | C132: APS Order Priority | F132: =VLOOKUP(Table1[[#This Row],[Area]],Ref!E:F,2,0) -> Anutida | G132: Yes | H132: No | I132: Yes | J132: No | M132: Seed | O132: Yes | P132: Global | Q132: Manual
A133: Code | B133: PP | C133: Exception Message Priorities | F133: =VLOOKUP(Table1[[#This Row],[Area]],Ref!E:F,2,0) -> Anutida | G133: Yes | H133: No | I133: Yes | J133: No | M133: Seed | O133: Yes | P133: Global | Q133: Manual
A134: Code | B134: HR | C134: Indirect Labor Codes | F134: =VLOOKUP(Table1[[#This Row],[Area]],Ref!E:F,2,0) -> Claire | G134: Yes | H134: Yes | I134: No | J134: Yes | M134: Seed
A135: Code | B135: PP | C135: Planning Horizon Calendar | F135: =VLOOKUP(Table1[[#This Row],[Area]],Ref!E:F,2,0) -> Anutida | G135: Yes | H135: No | I135: Yes | J135: No | M135: Seed
A136: Code | B136: PP | C136: Resource Types | D136: Not Needed | F136: =VLOOKUP(Table1[[#This Row],[Area]],Ref!E:F,2,0) -> Anutida | G136: Not Used | H136: Not Used | I136: Not Used | J136: Not Used | M136: Seed | O136: Yes | P136: Global | Q136: Manual
A137: Code | B137: PP | C137: Resources | D137: Not Needed | F137: =VLOOKUP(Table1[[#This Row],[Area]],Ref!E:F,2,0) -> Anutida | G137: Not Used | H137: Not Used | I137: Not Used | J137: Not Used | M137: Seed
A138: Code | B138: PP | C138: Resource Groups | D138: Not Needed | F138: =VLOOKUP(Table1[[#This Row],[Area]],Ref!E:F,2,0) -> Anutida | G138: Not Used | H138: Not Used | I138: Not Used | J138: Not Used | M138: Seed
A139: Code | B139: PP | C139: Work Centers | D139: Not Needed | F139: =VLOOKUP(Table1[[#This Row],[Area]],Ref!E:F,2,0) -> Anutida | G139: Not Used | H139: Not Used | I139: Not Used | J139: Not Used | M139: Seed
...

Sheet Ref
A1: Yes/No | B1: Scope | C1: Load Method | E1: Area | F1: Assignment
A2: Yes | B2: Global | C2: Manual | E2: ACC | F2: Nok
A3: No | B3: Site | C3: SQL | E3: GEN | F3: All
E4: AM | F4: Aeh/Pauline
E5: ENG | F5: N/A
E6: FS | F6: Opond/Toey
E7: HR | F7: Claire
E8: INV | F8: Anutida
E9: PRJ | F9: Nittakarn
E10: QC | F10: Anutida
E11: PP | F11: Anutida
E12: SYS | F12: Sean Zhou
E13: PUR | F13: Aeh/Pauline
E14: CUST | F14: Orawan
